 Dungeon Crawl Stone Soup version 0.28-a0-819-g6ef7baa362 (webtiles) character file.

Game seed: 15610166505972456878

105 bande the Shield-Bearer (level 4, 0/29 HPs)
             Began as a Gargoyle Fighter on Nov 8, 2021.
             Slain by a crimson imp (2 damage)
             ... summoned by Natasha
             ... on level 2 of the Dungeon.
             The game lasted 00:03:00 (2127 turns).

bande the Shield-Bearer (Gargoyle Fighter)          Turns: 2127, Time: 00:03:02

Health: 0/29       AC: 11    Str: 20    XL:     4   Next: 81%
Magic:  4/4        EV:  9    Int:  9    God:
Gold:   59         SH:  4    Dex:  9    Spells: 3/3 levels left

rFire   . . .      SeeInvis +   a - +0 war axe
rCold   . . .      Faith    .   c - +0 buckler
rNeg    + . .      Spirit   .   b - +0 scale mail
rPois   ∞          Reflect  .   g - +0 helmet
rElec   +          Harm     .   (no cloak)
rCorr   .          Rampage  .   (no gloves)
Will    .....                   (no boots)
Stlth   ..........              (no amulet)
HPRegen 0.09/turn               f - ring of see invisible
MPRegen 0.09/turn               (no ring)

@: flying, slowed, very slow
A: sickness immunity, AC +3, negative energy resistance 1, electricity
resistance, torment resistance 1, petrification resistance
a: no special abilities


You were on level 2 of the Dungeon.
You visited 1 branch of the dungeon, and saw 2 of its levels.

You collected 59 gold pieces.

Inventory:

Hand Weapons
 a - a +0 war axe (weapon)
Armour
 b - a +0 scale mail (worn)
 c - a +0 buckler (worn)
 g - a +0 helmet (worn)
Jewellery
 f - a ring of see invisible (left hand)
Scrolls
 e - a scroll of teleportation
Potions
 d - a potion of might


   Skills:
 + Level 4.0 Fighting
 + Level 3.0 Axes
 + Level 3.8 Armour
 + Level 4.0 Shields


You had 3 spell levels left.
You didn't know any spells.
Your spell library was empty.

Dungeon Overview and Level Annotations

Branches:
Dungeon (2/15)

Altars:

Annotations:
D:2 Natasha


Innate Abilities, Weirdness & Mutations

You are immune to sickness and miasma.
Your stone body is resilient. (AC +3)
You are immune to poison.
You resist negative energy. (rN+)
You are resistant to electric shocks. (rElec)
You are resistant to unholy torment.
You are immune to petrification.


Message History

Natasha casts a spell.
You miss Natasha.
Natasha is lightly wounded.
You closely miss the crimson imp. Natasha claws you.
The crimson imp completely misses you. You block Natasha's attack.
The crimson imp closely misses you.
You hit Natasha.
Natasha is lightly wounded.
You closely miss the crimson imp.
The shadow imp disappears in a puff of smoke!
Natasha howls an incantation.
Natasha shimmers violently.
Natasha claws you.
* * * LOW HITPOINT WARNING * * *
You block the crimson imp's attack.
Natasha casts a spell.
The crimson imp hits you but does no damage.
It was a potion of flight.
You feel very buoyant.
You fly up into the air.
You block Natasha's attack. The crimson imp barely misses you.
The crimson imp misses you. Natasha claws you but does no damage.
You slash Natasha!
Natasha is severely wounded.
You miss the crimson imp. You closely miss the crimson imp.
The crimson imp closely misses you.
The crimson imp grins evilly.
The crimson imp closely misses you. Natasha claws you.
* * * LOW HITPOINT WARNING * * *
The crimson imp hits you but does no damage.
You block the crimson imp's attack. Natasha claws you but does no damage.
Your scale mail prevents you from hitting Natasha.
Natasha is severely wounded.
You miss the crimson imp. You closely miss the crimson imp.
You block the crimson imp's attack.
The crimson imp hits you but does no damage.
Natasha claws you but does no damage. The crimson imp puffs mist at you.
The crimson imp hits you.
You die...

#### #.# #.#
..... #.######.#
.....##<)......##
.......†..###(..#
..........# #...#
####......# #...#
####..## ##.##
######.5## #.#
......5@.# #.#
#.######h# #+#
5.. ..... #
....... # .......
# ... ...##+# #
#.# #..# # #.#


You could see Natasha, 2 crimson imps and a shadow imp (summoned).

Vanquished Creatures
  Robin (D:1)
  3 adders (D:2)
  A worm (D:2)
  2 dart slugs
  5 endoplasms
  4 giant cockroaches
  14 goblins
  8 hobgoblins
  2 jackals (D:1)
  3 kobolds
  A quokka (D:1)
  5 bats
  3 frilled lizards
  2 rats (D:1)
54 creatures vanquished.

Notes
Turn   | Place    | Note
-------+----------+-------------------------------------------
     0 | D:1      | bande the Gargoyle Fighter began the quest for the Orb.
     0 | D:1      | Reached XP level 1. HP: 14/14 MP: 1/1
    73 | D:1      | Reached XP level 2. HP: 17/19 MP: 2/2
   561 | D:1      | Reached XP level 3. HP: 19/24 MP: 3/3
  1439 | D:2      | Reached XP level 4. HP: 20/29 MP: 4/4
  1819 | D:2      | Noticed Robin
  2053 | D:1      | Killed Robin
  2114 | D:2      | Noticed Natasha
  2127 | D:2      | Slain by a crimson imp

Illustrated notes

Levels and vault maps discovered:
D:1:      dpeg_arrival_houses_and_road, layout_basic
D:2:      layout_basic, uniq_terence, uniq_natasha, uniq_robin

Skill      XL: |  1  2  3  4 |
---------------+-------------+-----
Axes           | 2 3 |  3.0
Shields        | 4 |  4.0
Fighting       | 4 |  4.0
Armour         | |  3.8

Action                   |  1- 3 |  4- 6 || total
-------------------------+-------+-------++-------
Melee: War axe           |    94 |    84 ||   178
  Use: Scroll            |       |     3 ||     3
       Potion            |       |     1 ||     1
Armor: Scale mail        |    49 |    60 ||   109
Dodge: Dodged            |    50 |    46 ||    96
Block: Buckler           |    20 |    26 ||    46

Table legend: (Time is in decaauts)
 A = Elapsed time spent in this place.
 B = Non-inter-level travel time spent in this place.
 C = Inter-level travel time spent in this place.
 D = Time resting spent in this place.
 E = Time spent auto-exploring this place.
 F = Levels seen in this place.
 G = Mean time per level.
                   A        B        C        D        E       F      G
               +--------+--------+--------+--------+--------+-----+--------+
         Total |   2207 |   2140 |     67 |    219 |   1478 |   2 | 1103.5 |
       Dungeon |   2207 |   2140 |     67 |    219 |   1478 |   2 | 1103.5 |
               +--------+--------+--------+--------+--------+-----+--------+

Top non-repeatable levels by time:
     D:1: 1574 daAuts
     D:2: 633 daAuts
